General information
- name: BNet
- type: Ladder team game (AT/RT)
- host: Battle.net
- saver: MarzBarz
map: FullScaleAssault
- players: 8
- length: 66:28
- speed: Fast
- version: 1.28 W3XP
- replay type: Public
» download(480 KB)
Players
team 1 (winner)
JAGePRiCe (
blue | 67 APM | 1678 actions | 25:00)
5 Death Knight
2 Unholy Aura
3 Death Coil
3 Lich
2 Frost Nova
1 Frost Armor
» actions
| Assign group hotkey | 7 | |
| Basic commands | 2 | |
| Build / train | 51 | |
| Enter build submenu | 18 | |
| Enter hero's abilities submenu | 8 | |
| Remove unit from queue | 2 | |
| Right click | 1344 | |
| Select / deselect | 187 | |
| Use ability | 59 | |
1678 total
» units
| Acolyte | 10 | |
| Ghoul | 4 | |
| Crypt Fiend | 8 | |
| Frost Wyrm | 5 | |
27 total
» upgrades
| Creature Attack | 3 | |
| Creature Carapace | 1 | |
| Web | 1 | |
5 total
» buildings
| Graveyard | 1 | |
| Crypt | 1 | |
| Altar of Darkness | 1 | |
| Ziggurat | 7 | |
| Tomb of Relics | 1 | |
| Halls of the Dead | 1 | |
| Necropolis | 1 | |
| Black Citadel | 1 | |
| Sacrificial Pit | 1 | |
| Boneyard | 2 | |
17 total
» build order
00:20 Graveyard
00:27 Crypt
00:44 Altar of Darkness
01:01 Ziggurat
01:13 Tomb of Relics
02:01 Ziggurat
03:38 Ziggurat
05:02 Halls of the Dead
05:26 Necropolis
07:32 Black Citadel
08:39 Sacrificial Pit
08:52 Ziggurat
08:57 Ziggurat
10:39 Boneyard
10:42 Boneyard
12:55 Ziggurat
12:57 Ziggurat
» items
| Rod of Necromancy | 1 | |
| Scroll of Town Portal | 1 | |
2 total

»
WENEEDMOREHODL (
teal | 80 APM | 2056 actions | 25:46)
5 Death Knight
3 Death Coil
2 Unholy Aura
» actions
| Assign group hotkey | 64 | |
| Basic commands | 175 | |
| Build / train | 53 | |
| Enter build submenu | 16 | |
| Enter hero's abilities submenu | 5 | |
| Remove unit from queue | 4 | |
| Right click | 780 | |
| Select / deselect | 259 | |
| Select group hotkey | 623 | |
| Use ability | 76 | |
2056 total
» units
| Acolyte | 2 | |
| Ghoul | 3 | |
| Crypt Fiend | 20 | |
| Obsidian Statue | 10 | |
35 total
» upgrades
| Creature Attack | 2 | |
| Creature Carapace | 1 | |
| Web | 1 | |
4 total
» buildings
| Graveyard | 3 | |
| Ziggurat | 8 | |
| Crypt | 1 | |
| Altar of Darkness | 1 | |
| Spirit Tower | 3 | |
| Halls of the Dead | 1 | |
| Tomb of Relics | 1 | |
| Slaughterhouse | 1 | |
19 total
» build order
00:12 Graveyard
00:14 Graveyard
00:17 Ziggurat
00:28 Graveyard
00:46 Crypt
01:05 Altar of Darkness
01:22 Ziggurat
02:15 Spirit Tower
03:03 Ziggurat
04:45 Halls of the Dead
05:38 Ziggurat
06:47 Ziggurat
07:05 Tomb of Relics
08:33 Slaughterhouse
08:40 Ziggurat
09:25 Spirit Tower
09:29 Spirit Tower
17:38 Ziggurat
20:49 Ziggurat

»
fantasy (
green | 62 APM | 1548 actions | 24:51)
5 Demon Hunter
3 Mana Burn
2 Evasion
» actions
| Assign group hotkey | 14 | |
| Basic commands | 63 | |
| Build / train | 42 | |
| Enter build submenu | 24 | |
| Enter hero's abilities submenu | 5 | |
| Give item / drop item | 5 | |
| Remove unit from queue | 1 | |
| Right click | 852 | |
| Select / deselect | 277 | |
| Select group hotkey | 207 | |
| Use ability | 58 | |
1548 total
» units
» upgrades
| Corrosive Breath | 1 | |
| Strength of the Wild | 1 | |
| Reinforced Hides | 1 | |
3 total
» buildings
| Altar of Elders | 1 | |
| Moon Well | 8 | |
| Ancient of War | 1 | |
| Tree of Ages | 1 | |
| Hunter's Hall | 1 | |
| Tree of Eternity | 1 | |
| Ancient of Wind | 1 | |
| Chimaera Roost | 3 | |
| Ancient Protector | 4 | |
| Ancient of Wonders | 1 | |
22 total
» build order
00:40 Altar of Elders
00:45 Moon Well
01:46 Moon Well
01:53 Moon Well
02:13 Ancient of War
03:59 Tree of Ages
05:16 Hunter's Hall
06:25 Tree of Eternity
06:31 Ancient of Wind
07:56 Moon Well
08:02 Moon Well
08:13 Moon Well
09:39 Chimaera Roost
09:47 Chimaera Roost
09:54 Chimaera Roost
10:06 Ancient Protector
10:35 Ancient Protector
10:39 Ancient Protector
11:43 Ancient Protector
15:39 Moon Well
15:44 Moon Well
16:42 Ancient of Wonders
» items
| Staff of Teleportation | 1 | |
| Circlet of Nobility | 1 | |
| Scroll of Town Portal | 1 | |
| Orb of Venom | 1 | |
4 total
MarzBarz (
orange | 65 APM | 4351 actions | 66:28)
10 Archmage
3 Summon Water Elemental
3 Brilliance Aura
1 Mass Teleport
3 Blizzard
» actions
| Assign group hotkey | 66 | |
| Basic commands | 198 | |
| Build / train | 159 | |
| Enter build submenu | 101 | |
| Enter hero's abilities submenu | 10 | |
| Give item / drop item | 5 | |
| Remove unit from queue | 6 | |
| Right click | 1522 | |
| Select / deselect | 728 | |
| Select group hotkey | 1298 | |
| Use ability | 258 | |
4351 total
» units
| Peasant | 25 | |
| Footman | 4 | |
| Goblin Shredder | 5 | |
| Goblin Zeppelin | 6 | |
| Gryphon Rider | 9 | |
| Goblin Sapper | 4 | |
| Dragonhawk Rider | 6 | |
| Acolyte | 12 | |
| Gargoyle | 13 | |
| Blue Dragon | 2 | |
86 total
» upgrades
| Masonry | 3 | |
| Storm Hammers | 1 | |
| Swords | 3 | |
| Armor | 3 | |
| Animal War Training | 1 | |
| Cloud | 1 | |
| Gunpowder | 1 | |
| Plating | 1 | |
| Creature Carapace | 2 | |
| Stone Form | 1 | |
17 total
» buildings
| Altar of Kings | 1 | |
| Barracks | 1 | |
| Farm | 9 | |
| Scout Tower | 71 | |
| Arcane Tower | 1 | |
| Keep | 1 | |
| Town Hall | 8 | |
| Lumber Mill | 1 | |
| Arcane Vault | 3 | |
| Castle | 1 | |
| Gryphon Aviary | 4 | |
| Blacksmith | 2 | |
| Guard Tower | 20 | |
| Spirit Tower | 5 | |
| Necropolis | 2 | |
| Ziggurat | 7 | |
| Halls of the Dead | 1 | |
| Crypt | 3 | |
| Black Citadel | 1 | |
| Altar of Elders | 1 | |
143 total
» build order
00:48 Altar of Kings
00:49 Barracks
00:54 Farm
00:55 Farm
01:04 Farm
01:04 Farm
02:09 Scout Tower
02:38 Arcane Tower
04:17 Keep
04:30 Town Hall
05:16 Lumber Mill
05:30 Arcane Vault
06:38 Castle
06:44 Scout Tower
06:46 Scout Tower
06:47 Scout Tower
06:49 Scout Tower
06:50 Scout Tower
07:15 Gryphon Aviary
07:15 Gryphon Aviary
07:16 Gryphon Aviary
07:16 Gryphon Aviary
07:22 Blacksmith
07:28 Blacksmith
07:31 Farm
08:25 Guard Tower
11:21 Farm
11:25 Farm
11:29 Town Hall
11:31 Scout Tower
11:31 Scout Tower
11:32 Scout Tower
11:32 Scout Tower
13:12 Scout Tower
13:12 Scout Tower
13:12 Scout Tower
13:12 Scout Tower
13:13 Scout Tower
13:15 Scout Tower
13:15 Scout Tower
13:15 Scout Tower
13:16 Scout Tower
13:17 Scout Tower
13:32 Guard Tower
14:10 Guard Tower
15:06 Guard Tower
16:59 Scout Tower
17:00 Scout Tower
17:00 Scout Tower
17:01 Scout Tower
17:01 Scout Tower
18:00 Guard Tower
22:09 Guard Tower
22:53 Farm
28:22 Spirit Tower
28:29 Necropolis
29:06 Town Hall
29:12 Ziggurat
29:12 Ziggurat
29:15 Necropolis
30:26 Halls of the Dead
30:33 Spirit Tower
30:49 Ziggurat
30:51 Ziggurat
30:54 Ziggurat
30:56 Ziggurat
30:58 Ziggurat
31:54 Spirit Tower
32:50 Spirit Tower
34:22 Scout Tower
34:23 Scout Tower
34:24 Scout Tower
34:24 Scout Tower
34:24 Scout Tower
34:28 Town Hall
34:31 Scout Tower
34:31 Scout Tower
34:32 Scout Tower
34:33 Scout Tower
35:25 Guard Tower
42:02 Town Hall
42:04 Arcane Vault
42:06 Scout Tower
42:06 Scout Tower
42:06 Scout Tower
42:07 Scout Tower
42:08 Scout Tower
42:08 Scout Tower
42:09 Scout Tower
42:09 Scout Tower
42:34 Crypt
42:37 Crypt
42:37 Crypt
43:01 Town Hall
43:04 Scout Tower
43:04 Scout Tower
43:05 Scout Tower
43:06 Scout Tower
43:12 Arcane Vault
43:14 Scout Tower
43:15 Scout Tower
43:15 Scout Tower
43:15 Scout Tower
43:16 Scout Tower
43:28 Guard Tower
43:34 Guard Tower
43:34 Guard Tower
43:34 Guard Tower
43:35 Guard Tower
43:38 Guard Tower
43:57 Black Citadel
44:23 Guard Tower
45:25 Guard Tower
45:32 Scout Tower
45:32 Scout Tower
45:33 Scout Tower
45:36 Scout Tower
45:38 Scout Tower
45:38 Scout Tower
45:39 Scout Tower
45:40 Scout Tower
45:40 Scout Tower
46:06 Guard Tower
47:18 Guard Tower
47:28 Town Hall
47:31 Scout Tower
47:32 Scout Tower
47:32 Scout Tower
47:33 Scout Tower
47:34 Scout Tower
47:34 Scout Tower
47:36 Scout Tower
47:37 Scout Tower
47:37 Scout Tower
47:42 Scout Tower
47:42 Scout Tower
48:23 Guard Tower
49:54 Guard Tower
51:29 Altar of Elders
56:15 Farm
56:18 Guard Tower
56:28 Spirit Tower
57:08 Town Hall
» items
| Mechanical Critter | 2 | |
| Scroll of Regeneration | 1 | |
| Scroll of Town Portal | 4 | |
| Potion of Healing | 1 | |
| Potion of Lesser Invulnerability | 1 | |
9 total
team 2 (loser)

»
Gaia[GGL] (
pink | 48 APM | 1086 actions | 22:43)
1 Archmage
1 Blizzard
» actions
| Assign group hotkey | 9 | |
| Basic commands | 3 | |
| Build / train | 63 | |
| Enter build submenu | 59 | |
| Enter hero's abilities submenu | 1 | |
| Remove unit from queue | 1 | |
| Right click | 502 | |
| Select / deselect | 254 | |
| Select group hotkey | 122 | |
| Use ability | 72 | |
1086 total
» units
| Peasant | 14 | |
| Goblin Shredder | 1 | |
| Siege Engine | 2 | |
| Flying Machine | 24 | |
| Mortar Team | 2 | |
43 total
» upgrades
| Flying Machine Bombs | 0 | |
| Flak Cannons | 1 | |
| Gunpowder | 1 | |
2 total
» buildings
| Altar of Kings | 1 | |
| Farm | 17 | |
| Lumber Mill | 1 | |
| Scout Tower | 25 | |
| Guard Tower | 11 | |
| Town Hall | 2 | |
| Keep | 2 | |
| Castle | 2 | |
| Blacksmith | 2 | |
| Workshop | 6 | |
69 total
» build order
00:07 Altar of Kings
00:11 Farm
00:35 Lumber Mill
01:22 Scout Tower
01:23 Scout Tower
01:28 Scout Tower
01:58 Guard Tower
02:14 Scout Tower
02:15 Guard Tower
02:27 Farm
02:31 Scout Tower
02:40 Guard Tower
02:43 Scout Tower
02:49 Scout Tower
02:57 Guard Tower
03:17 Scout Tower
03:26 Scout Tower
03:27 Scout Tower
03:30 Scout Tower
03:33 Scout Tower
03:37 Guard Tower
04:33 Town Hall
04:43 Scout Tower
04:49 Scout Tower
04:50 Scout Tower
04:51 Scout Tower
04:52 Scout Tower
04:53 Scout Tower
04:53 Scout Tower
05:38 Guard Tower
06:32 Guard Tower
06:43 Guard Tower
07:04 Guard Tower
07:12 Keep
07:51 Guard Tower
09:36 Castle
10:33 Blacksmith
10:56 Workshop
10:59 Workshop
11:03 Workshop
11:14 Workshop
11:17 Workshop
11:23 Workshop
12:51 Farm
12:53 Farm
12:55 Farm
12:56 Farm
12:58 Farm
12:59 Farm
13:10 Farm
16:44 Farm
16:45 Farm
16:47 Farm
16:49 Farm
16:51 Farm
16:52 Farm
16:52 Farm
16:52 Farm
18:07 Keep
18:14 Blacksmith
20:28 Castle
20:54 Scout Tower
20:55 Scout Tower
20:57 Scout Tower
20:59 Scout Tower
21:00 Scout Tower
21:02 Scout Tower
22:18 Town Hall
princeofegypt (
purple | 35 APM | 2011 actions | 56:58)
6 Blademaster
3 Wind Walk
3 Critical Strike
» actions
| Basic commands | 49 | |
| Build / train | 67 | |
| Enter build submenu | 43 | |
| Enter hero's abilities submenu | 6 | |
| Give item / drop item | 6 | |
| Remove unit from queue | 7 | |
| Right click | 1272 | |
| Select / deselect | 428 | |
| Use ability | 132 | |
2011 total
» units
» upgrades
| Spiked Barricades | 1 | |
| Ranged Weapons | 2 | |
| Armor | 1 | |
| Melee Weapons | 0 | |
4 total
» buildings
| Orc Burrow | 7 | |
| Great Hall | 4 | |
| Altar of Storms | 3 | |
| War Mill | 4 | |
| Voodoo Lounge | 3 | |
| Watch Tower | 18 | |
| Stronghold | 2 | |
| Fortress | 2 | |
43 total
» build order
00:50 Orc Burrow
01:53 Great Hall
02:18 Altar of Storms
02:25 War Mill
03:04 Orc Burrow
03:23 Voodoo Lounge
03:40 Watch Tower
03:59 Watch Tower
04:48 Stronghold
04:48 Stronghold
04:52 Watch Tower
04:56 Watch Tower
05:05 Watch Tower
06:15 Watch Tower
06:19 Watch Tower
06:26 Watch Tower
07:27 Watch Tower
07:28 Fortress
07:28 Fortress
07:44 Watch Tower
07:48 Watch Tower
09:12 Watch Tower
09:16 Watch Tower
12:14 War Mill
12:17 Orc Burrow
12:47 War Mill
12:51 Orc Burrow
12:53 Orc Burrow
12:55 Orc Burrow
14:07 Watch Tower
14:16 Watch Tower
14:51 Watch Tower
14:59 Great Hall
15:57 Watch Tower
16:04 Watch Tower
19:32 Voodoo Lounge
19:57 Altar of Storms
20:55 Altar of Storms
21:12 Orc Burrow
22:34 Voodoo Lounge
25:16 Great Hall
33:47 War Mill
37:30 Great Hall
» items
| Healing Salve | 4 | |
| Lesser Clarity Potion | 5 | |
| Potion of Healing | 1 | |
| Orb of Lightning | 1 | |
| Circlet of Nobility | 2 | |
| Boots of Speed | 1 | |
| Staff of Teleportation | 1 | |
15 total
WayBetterThanU (
red | 37 APM | 2436 actions | 65:45)
7 Archmage
3 Blizzard
3 Brilliance Aura
1 Mass Teleport
» actions
| Assign group hotkey | 21 | |
| Basic commands | 5 | |
| Build / train | 86 | |
| Enter build submenu | 36 | |
| Enter hero's abilities submenu | 7 | |
| Give item / drop item | 9 | |
| Remove unit from queue | 4 | |
| Right click | 1198 | |
| Select / deselect | 451 | |
| Select group hotkey | 409 | |
| Use ability | 210 | |
2436 total
» units
| Peasant | 37 | |
| Blue Dragon | 4 | |
| Giant Sea Turtle | 1 | |
| Makrura Snapper | 1 | |
| Mur'gul Snarecaster | 1 | |
| Makrura Deepseer | 1 | |
| Blue Dragon Whelp | 2 | |
| Blue Drake | 2 | |
49 total
» upgrades
» buildings
| Altar of Kings | 4 | |
| Farm | 24 | |
| Lumber Mill | 3 | |
| Town Hall | 7 | |
| Keep | 3 | |
| Blacksmith | 1 | |
| Arcane Vault | 1 | |
| Scout Tower | 1 | |
| Castle | 1 | |
| Guard Tower | 1 | |
46 total
» build order
07:57 Altar of Kings
09:19 Farm
14:00 Lumber Mill
14:23 Town Hall
21:48 Farm
21:49 Farm
21:56 Lumber Mill
22:37 Town Hall
22:41 Keep
22:42 Keep
23:42 Farm
23:43 Farm
23:43 Farm
23:47 Blacksmith
23:48 Farm
23:49 Farm
24:48 Arcane Vault
24:50 Scout Tower
25:30 Altar of Kings
26:41 Town Hall
27:01 Castle
27:06 Farm
27:07 Farm
27:07 Farm
27:08 Farm
27:10 Farm
27:20 Guard Tower
30:09 Farm
30:09 Farm
30:09 Farm
31:20 Town Hall
34:14 Farm
35:37 Farm
35:39 Farm
35:43 Farm
42:00 Lumber Mill
42:06 Farm
42:07 Farm
42:08 Farm
43:43 Town Hall
43:49 Keep
43:52 Altar of Kings
43:55 Altar of Kings
44:11 Farm
45:43 Town Hall
50:16 Town Hall
» items
| Periapt of Vitality | 1 | |
| Circlet of Nobility | 1 | |
| Potion of Invisibility | 5 | |
| Scroll of Town Portal | 9 | |
| Scroll of Healing | 1 | |
17 total
MEXICANSTANDOFF (
yellow | 35 APM | 2319 actions | 66:22)
6 Dreadlord
3 Sleep
2 Vampiric Aura
1 Carrion Swarm
2 Dark Ranger
2 Black Arrow
2 Naga Sea Witch
1 Forked Lightning
1 Frost Arrows
» actions
| Assign group hotkey | 22 | |
| Basic commands | 38 | |
| Build / train | 110 | |
| ESC pressed | 5 | |
| Enter build submenu | 55 | |
| Enter hero's abilities submenu | 10 | |
| Give item / drop item | 3 | |
| Remove unit from queue | 1 | |
| Right click | 723 | |
| Select / deselect | 762 | |
| Select group hotkey | 436 | |
| Use ability | 154 | |
2319 total
» units
| Acolyte | 34 | |
| Ghoul | 7 | |
| Goblin Shredder | 1 | |
| Gargoyle | 14 | |
| Goblin Zeppelin | 1 | |
| Crypt Fiend | 1 | |
58 total
» upgrades
| Creature Attack | 2 | |
| Creature Carapace | 2 | |
| Stone Form | 1 | |
5 total
» buildings
| Crypt | 8 | |
| Ziggurat | 29 | |
| Altar of Darkness | 1 | |
| Tomb of Relics | 4 | |
| Graveyard | 1 | |
| Halls of the Dead | 3 | |
| Spirit Tower | 8 | |
| Sacrificial Pit | 1 | |
| Black Citadel | 2 | |
| Necropolis | 3 | |
60 total
» build order
00:23 Crypt
00:24 Ziggurat
00:52 Altar of Darkness
01:02 Ziggurat
01:11 Tomb of Relics
01:32 Graveyard
02:39 Ziggurat
06:48 Halls of the Dead
07:41 Spirit Tower
07:45 Ziggurat
07:46 Ziggurat
07:47 Ziggurat
07:48 Ziggurat
08:42 Spirit Tower
09:57 Sacrificial Pit
10:35 Ziggurat
10:36 Ziggurat
10:37 Ziggurat
11:37 Black Citadel
11:39 Spirit Tower
11:45 Ziggurat
11:47 Ziggurat
11:48 Ziggurat
13:06 Ziggurat
13:07 Ziggurat
13:08 Ziggurat
14:40 Spirit Tower
14:48 Necropolis
14:50 Tomb of Relics
18:21 Necropolis
18:23 Ziggurat
18:24 Ziggurat
18:25 Ziggurat
18:26 Ziggurat
18:27 Ziggurat
19:32 Halls of the Dead
19:43 Spirit Tower
20:07 Crypt
20:10 Crypt
20:12 Crypt
20:13 Crypt
20:21 Crypt
20:32 Crypt
20:34 Crypt
21:18 Tomb of Relics
21:22 Tomb of Relics
21:44 Halls of the Dead
23:12 Ziggurat
28:19 Ziggurat
28:20 Ziggurat
28:21 Ziggurat
28:22 Ziggurat
28:23 Ziggurat
29:29 Spirit Tower
31:29 Black Citadel
38:01 Spirit Tower
49:48 Ziggurat
49:50 Ziggurat
51:21 Spirit Tower
65:49 Necropolis
» items
| Rod of Necromancy | 1 | |
| Sacrificial Skull | 5 | |
| Potion of Healing | 2 | |
| Potion of Mana | 1 | |
| Boots of Speed | 3 | |
| Scroll of Town Portal | 2 | |
| Orb of Corruption | 1 | |
| Staff of Teleportation | 3 | |
18 total
Chat log
(00:49 / All) JAGePRiCe: gl
(00:56 / All) MEXICANSTANDOFF: hi all ^_^
(00:57 / Allies) WENEEDMOREHODL: fiends stats
(00:59 / All) MEXICANSTANDOFF: wow lots of pros in this game
(01:46 / All) MarzBarz: GGL sure do smell
(02:29 / Allies) JAGePRiCe: ?
(02:35 / Allies) MarzBarz: was gonna fast expo that green
(02:48 / Allies) fantasy: do both
(02:49 / Allies) fantasy: with me
(03:15 / Allies) WENEEDMOREHODL: wisp done
(03:44 / Allies) fantasy: w/ me?
(04:24 / All) fantasy: at treamt
(04:33 / All) MEXICANSTANDOFF: ?
(05:37 / Allies) fantasy: go
(05:39 / Allies) fantasy: ill tele
(09:19 / Allies) MarzBarz: wood?
(09:47 / Allies) JAGePRiCe: coil my dk
(09:51 / Allies) JAGePRiCe: teal
(10:03 / Allies) JAGePRiCe: TEAL
(10:10 / Allies) JAGePRiCe: ty
(10:42 / All) WayBetterThanU: im sending spartacus
(10:59 / All) WayBetterThanU: here he comes
(11:18 / Allies) MarzBarz: lumber please?
(14:12 / All) Gaia[GGL]: yes
(14:13 / All) Gaia[GGL]: tk each other
(14:19 / Allies) WENEEDMOREHODL: ?
(14:33 / All) WENEEDMOREHODL: some ggl fag?
(16:58 / All) Gaia[GGL]: this game is so fucke dup
(17:04 / All) WENEEDMOREHODL: this is why no one likes ggl
(17:13 / All) Gaia[GGL]: orange isnt ggl
(17:16 / All) WENEEDMOREHODL: we all know it has something to do with you scumbag faggot
(17:19 / All) WENEEDMOREHODL: faggots*
(17:31 / All) JAGePRiCe: duh
(17:52 / All) JAGePRiCe: cant win normally
(18:22 / Allies) JAGePRiCe: lets end it
(18:28 / All) MarzBarz: purple are you retarded
(19:42 / All) MarzBarz: purple's IQ can't be above 80
(19:44 / Allies) fantasy: b up
(19:47 / All) MarzBarz: maybe he is a nigger
(19:59 / All) MarzBarz: we wuz kangz
(21:09 / All) MarzBarz: we wuz kangz
(22:13 / Allies) fantasy: nice stats
(22:44 / Allies) JAGePRiCe: quick
(22:51 / Allies) WENEEDMOREHODL: good
(22:54 / Allies) WENEEDMOREHODL: fuck gaia
(23:03 / All) WENEEDMOREHODL: gg
(23:12 / All) princeofegypt: 3v4 now cry plz
(23:15 / Allies) JAGePRiCe: basekill
(24:07 / All) princeofegypt: hes an idiot too
(24:14 / All) princeofegypt: no dif than every other noob
(24:58 / Allies) JAGePRiCe: u needa life bro
(25:00 / Allies) WENEEDMOREHODL: lol this fag
(25:14 / All) WENEEDMOREHODL: i really dont care bc gaia got fucked
(25:27 / All) MEXICANSTANDOFF: I am gaia
(25:30 / All) MEXICANSTANDOFF: this is also my account
(25:36 / All) WENEEDMOREHODL: lol good
(25:39 / All) WENEEDMOREHODL: Add me to your list
(25:42 / All) WENEEDMOREHODL: you fuck boy=
(25:45 / All) WENEEDMOREHODL: faggot
(25:50 / All) MarzBarz: lawl shouldn't have said that
(25:52 / All) MarzBarz: Well
(25:55 / All) MarzBarz: gaia gets the loss now
(25:56 / All) MEXICANSTANDOFF: fuck
(25:58 / All) MEXICANSTANDOFF: didnt know
(26:20 / All) MarzBarz: worked out good if you just want gaia to lose
(27:42 / All) MarzBarz: My team could have beat me if they all fought me
(27:54 / All) MarzBarz: green could have chimmed my hall
(29:50 / All) MEXICANSTANDOFF: red 3k gold
(29:52 / All) MEXICANSTANDOFF: asking me to save him
(29:54 / All) MEXICANSTANDOFF: save yourelf
(31:01 / All) princeofegypt: i didnt even attack you
(31:04 / All) princeofegypt: dafuck man
(34:09 / All) MEXICANSTANDOFF: i lost my zeppelin
(34:11 / All) MEXICANSTANDOFF: can someone ping
(34:13 / All) MEXICANSTANDOFF: find it
(34:55 / All) MarzBarz: You know I like to reveal, keep attacking till such low health
(34:56 / All) MarzBarz: GENIUS
(35:15 / All) MEXICANSTANDOFF: purple is insulting me
(35:18 / All) MEXICANSTANDOFF: he says i not bright
(35:27 / All) princeofegypt: yellow had 9k gold lol
(35:32 / All) princeofegypt: and 60 food
(35:32 / All) MarzBarz: WOW
(35:37 / All) princeofegypt: has
(35:42 / All) MEXICANSTANDOFF: stop looking @ my gold
(35:51 / All) MEXICANSTANDOFF: wtf is wrong with u
(35:59 / All) princeofegypt: 9k gold 9 k lumber
(36:03 / All) princeofegypt: 60 food
(36:12 / All) princeofegypt: and units on upgrade 1
(36:20 / All) princeofegypt: this is noob shit to the maxiuum
(36:30 / All) MEXICANSTANDOFF: noob like u
(36:40 / All) WayBetterThanU: win or lose lawl
(36:56 / All) princeofegypt: he thinks he need save gold and not make unit
(37:04 / All) princeofegypt: bc high upkeep will mess him up
(37:05 / All) princeofegypt: hahahaha
(37:16 / All) princeofegypt: god i love idiots
(37:55 / All) princeofegypt: 11k gold
(38:03 / All) princeofegypt: how stupid can one be
(38:07 / All) MEXICANSTANDOFF: stop looking @ my gold
(38:28 / All) MEXICANSTANDOFF: kill my gold again ill kill ur bm
(43:19 / All) MEXICANSTANDOFF: lol
(43:23 / All) MarzBarz: he mh lol
(43:26 / All) MEXICANSTANDOFF: this nigga tried to stats me and failed
(43:43 / All) MEXICANSTANDOFF: he really just wrote !stats mexicanstandoff
(43:47 / All) MEXICANSTANDOFF: he really tried to stats me
(44:08 / All) MEXICANSTANDOFF: fucking idot
(44:17 / All) princeofegypt: call no one idiot noob son
(44:28 / All) princeofegypt: u dont even know how to play a game 10 plus years old
(44:37 / All) MEXICANSTANDOFF: hes killing my workers like i need them
(44:40 / All) MEXICANSTANDOFF: i have 15 K gold
(47:21 / All) princeofegypt: they try gank me
(47:22 / All) princeofegypt: ahahahah
(47:26 / All) princeofegypt: yellow asking for help
(47:39 / All) princeofegypt: too funny
(54:11 / All) princeofegypt: easy rape
(56:17 / All) WayBetterThanU: LOOOOOOOOOOOOOOOOOOL
(56:28 / All) MEXICANSTANDOFF: HAHA
(56:29 / All) MEXICANSTANDOFF: WE KILLED PURPLE
(56:31 / All) princeofegypt: afk for 4 second
(56:40 / All) princeofegypt: changes nothing
(56:42 / All) MEXICANSTANDOFF: he threatens to AFK LOL
(56:48 / All) princeofegypt: u r still clueless as the day u were born
(65:29 / All) WayBetterThanU: im still not even sure if yellow was srs or not lol
(65:37 / All) WayBetterThanU: thx for killin time @ work
(65:41 / All) WayBetterThanU: i win irl kids :p
(65:59 / All) MarzBarz: Yeah he makes 500 dollar an hour and his boss lets him play war3
(66:07 / All) MEXICANSTANDOFF: really
(66:07 / All) MarzBarz: on a saturday night
(66:10 / All) MarzBarz: yep
(66:15 / All) MEXICANSTANDOFF: how
(66:16 / All) MarzBarz: he bangs hot models too
(66:22 / All) MEXICANSTANDOFF: lol